 Dungeon Crawl Stone Soup version 0.30-a0-748-ge6a52f7cba (webtiles) character file.

Game seed: 423770916689529276

83 Dittersdorf the Covered (level 4, -1/29 HPs)
             Began as a Gargoyle Fighter on Feb 8, 2023.
             Slain by a black bear (10 damage)
             ... on level 4 of the Dungeon.
             The game lasted 00:01:39 (2351 turns).

Dittersdorf the Covered (Gargoyle Fighter)          Turns: 2351, Time: 00:01:40

Health: -1/29      AC: 10    Str: 22    XL:     4   Next: 44%
Magic:  4/4        EV:  9    Int:  8    God:
Gold:   228        SH:  4    Dex:  9    Spells: 3/3 levels left

rFire   . . .      SeeInvis .    k - +0 morningstar
rCold   . . .      Faith    .    c - +0 buckler
rNeg    + . .      Spirit   .    b - +0 scale mail
rPois   ∞          Reflect  .    (no helmet)
rElec   +          Harm     .    (no cloak)
rCorr   .          Rampage  .    (no gloves)
Will    .....                    (no boots) Stlth
                                 (no amulet)
HPRegen 0.24/turn                (no ring)
MPRegen 0.09/turn                (no ring)

@: no status effects
A: sickness immunity, AC +3, negative energy resistance 1, electricity
resistance, torment resistance 1, petrification resistance
a: no special abilities


You were on level 4 of the Dungeon.
You visited 1 branch of the dungeon, and saw 4 of its levels.

You collected 228 gold pieces.

Inventory:

Hand Weapons
 k - a +0 morningstar (weapon)
Armour
 b - a +0 scale mail (worn)
 c - a +0 buckler (worn)
Scrolls
 e - 3 scrolls of teleportation {unknown}
 h - a scroll of vulnerability {unknown}
 i - a scroll of silence {unknown}
 j - 4 scrolls of fog {unknown}
 l - a scroll of poison {unknown}
 m - a scroll of fear {unknown}
Potions
 a - 3 potions of curing {unknown}
 d - a potion of might
 f - 3 potions of flight {unknown}
 g - a potion of berserk rage {unknown}
 n - a potion of heal wounds {unknown}


   Skills:
 + Level 3.9 Fighting
 + Level 2.7 Maces & Flails
 + Level 4.0 Armour
 + Level 4.0 Shields


You had 3 spell levels left.
You didn't know any spells.
Your spell library contained the following spells:

 Spells                   Type           Power      Damage    Failure   Level
 Lesser Beckoning         Tloc           0%         N/A       91%         2
 Gell's Gravitas          Tloc           0%         N/A       99%         3
 Teleport Other           Tloc           0%         N/A       99%         3


Dungeon Overview and Level Annotations

Branches:
Dungeon (4/15)
 Temple: D:4-7

Altars:
Yredelemnul

Shops:
D:4 (


Innate Abilities, Weirdness & Mutations

You are immune to sickness and miasma.
Your stone body is resilient. (AC +3)
You are immune to poison.
You resist negative energy. (rN+)
You are resistant to electric shocks. (rElec)
You are resistant to unholy torment.
You are immune to petrification.


Message History

The black bear claws you but does no damage.
The black bear barely misses you. The black bear completely misses you.
The black bear claws you.
The black bear claws you but does no damage.
You barely miss the black bear.
The black bear is heavily wounded.
The black bear bites you but does no damage.
The black bear claws you but does no damage.
The black bear barely misses you.
You closely miss the black bear.
The black bear is heavily wounded.
The black bear bites you but does no damage.
The black bear closely misses you.
The black bear claws you but does no damage.
The black bear bites you. The black bear closely misses you.
The black bear claws you but does no damage.
You are too injured to fight recklessly!
You are too injured to fight recklessly!
You are too injured to fight recklessly!
You are too injured to fight recklessly!
You are too injured to fight recklessly!
You are too injured to fight recklessly!
You are too injured to fight recklessly!
You are too injured to fight recklessly!
You are too injured to fight recklessly!
You are too injured to fight recklessly!
You are too injured to fight recklessly!
You puncture the black bear!
The black bear is almost dead.
The black bear goes berserk!
You barely miss the black bear.
The black bear is almost dead.
The black bear bites you. You block the black bear's attack.
The black bear claws you.
The black bear bites you but does no damage.
The black bear barely misses you. You block the black bear's attack.
You closely miss the black bear.
The black bear is almost dead.
The black bear bites you!
You die...

#.......#
######.##.#..#
##............#
...........#..#
##.####.####..#
.. #.......#
#.)<)..##
#......#
#...@..#
#....h.$#
#...........#
....##.###.####
##.. #.# .# #.#
#.# # . .. #.


You could see a black bear (berserk).

Vanquished Creatures
  A hound (D:3)
  An adder (D:2)
  2 dart slugs
  3 ball pythons
  7 endoplasms
  A hobgoblin (D:3)
  3 jackals (D:2)
  2 quokkas (D:2)
  4 bats
  3 frilled lizards
  3 goblins
  3 kobolds
  5 rats
38 creatures vanquished.

Notes
Turn   | Place    | Note
-------+----------+-------------------------------------------
     0 | D:1      | Dittersdorf the Gargoyle Fighter began the quest for the
                  | Orb.
     0 | D:1      | Reached XP level 1. HP: 14/14 MP: 1/1
   323 | D:1      | Reached XP level 2. HP: 18/19 MP: 2/2
  1102 | D:2      | Reached XP level 3. HP: 24/24 MP: 3/3
  1750 | D:3      | Reached XP level 4. HP: 20/29 MP: 4/4
  1831 | D:3      | Found a basalt altar of Yredelemnul.
  2225 | D:4      | Found Qaskyeff's Antique Weapon Boutique.
  2339 | D:4      | Noticed a black bear
  2351 | D:4      | Slain by a black bear

Illustrated notes

Levels and vault maps discovered:
D:1:      mrwooster_arrival_statue_3, layout_basic,
          minmay_misc_feat_more_columns
D:2:      layout_loops_ring
D:3:      layout_basic, mainiacjoe_overflow_brackets
D:4:      layout_loops_ring, nicolae_stop_n_shop_2, chequers_garden

Skill      XL: |  1  2  3 |
---------------+----------+-----
Armour         | 4 |  4.0
Shields        | 4 |  4.0
Fighting       | |  3.9
Maces & Flails | |  2.7

Action                     |  1- 3 |  4- 6 || total
---------------------------+-------+-------++-------
  Melee: Flail             |    45 |       ||    45
         Morningstar       |    68 |    34 ||   102
 Armour: Scale mail        |    69 |    29 ||    98
  Dodge: Dodged            |    57 |    15 ||    72
  Block: Buckler           |    28 |     8 ||    36

Table legend: (Time is in decaauts)
 A = Elapsed time spent in this place.
 B = Non-inter-level travel time spent in this place.
 C = Inter-level travel time spent in this place.
 D = Time resting spent in this place.
 E = Time spent auto-exploring this place.
 F = Levels seen in this place.
 G = Mean time per level.
                   A        B        C        D        E       F      G
               +--------+--------+--------+--------+--------+-----+--------+
         Total |   2406 |   2222 |    184 |      0 |   1851 |   4 |  601.5 |
       Dungeon |   2406 |   2222 |    184 |      0 |   1851 |   4 |  601.5 |
               +--------+--------+--------+--------+--------+-----+--------+

Top non-repeatable levels by time:
     D:1: 844 daAuts
     D:2: 731 daAuts
     D:3: 698 daAuts
     D:4: 131 daAuts
